 Dungeon Crawl Stone Soup version 0.29-a0-838-g385bb11a5b (webtiles) character file.

Game seed: 9750896916723016450

35 purpskrrrp the Sneak (level 3, -2/17 HPs)
             Began as a Vine Stalker Enchanter on July 13, 2022.
             Succumbed to an adder's poison
             ... on level 2 of the Dungeon.
             The game lasted 00:03:01 (1263 turns).

purpskrrrp the Sneak (Vine Stalker Enchanter)       Turns: 1263, Time: 00:03:02

Health: -2/17      AC:  3    Str: 10    XL:     3   Next: 33%
Magic:  5/7        EV: 12    Int: 15    God:
Gold:   137        SH:  0    Dex: 16    Spells: 6/6 levels left

rFire   . . .      SeeInvis .   a - +1 dagger
rCold   + . .      Faith    .   (no shield)
rNeg    . . .      Spirit   +   b - +0 robe
rPois   .          Reflect  .   (no helmet)
rElec   .          Harm     .   (no cloak)
rCorr   .          Rampage  .   (no gloves)
Will    .....                   i - +0 pair of boots
Stlth   +++.......              (no amulet)
HPRegen 0.05/turn               (no ring)
MPRegen 0.10/turn               (no ring)

@: lethally poisoned (-2 -> -15), invisible
A: fangs 2, magic shield, antimagic bite, no potion heal 2, cold resistance 1,
MP-powered wands
a: no special abilities


You were on level 2 of the Dungeon.
You visited 1 branch of the dungeon, and saw 2 of its levels.

You collected 137 gold pieces.

Inventory:

Hand Weapons
 a - a +1 dagger (weapon)
Armour
 b - a +0 robe (worn)
 i - a +0 pair of boots (worn)
Scrolls
 g - a scroll of poison
 h - a scroll of identify
Potions
 c - a potion of invisibility
 d - a potion of might
 f - a potion of haste {unknown}


   Skills:
 - Level 0.3 Fighting
 * Level 1.2 Short Blades
 - Level 1.5 Dodging
 * Level 4.2 Stealth
 - Level 2.4 Spellcasting
 - Level 3.4 Hexes


You had 6 spell levels left.
You didn't know any spells.
Your spell library contained the following spells:

 Spells                   Type           Power      Damage    Failure   Level
 Ensorcelled Hibernation  Hex/Ice        14%        N/A       16%         2
 Confusing Touch          Hex            12%        N/A       16%         3
 Tukima's Dance           Hex            12%        N/A       16%         3
 Dazzling Flash           Conj/Hex       14%        N/A       30%         3
 Yara's Violent Unravell  Hex/Tmut       3%         3d4       96%         5
 Enfeeble                 Hex            6%         N/A       100%        7


Dungeon Overview and Level Annotations

Branches:
Dungeon (2/15)

Altars:


Innate Abilities, Weirdness & Mutations

You have extremely sharp teeth.
When hurt, damage is shared between your health and your magic reserves.
Your bite disrupts and absorbs the magic of your enemies.
Potions cannot restore your health.
Your flesh is cold resistant. (rC+)
You expend magic power (3 MP) to strengthen your wands.


Message History

An endoplasm comes into view.
Found a stone staircase leading up.
Found a stone staircase leading down.
The hobgoblin shouts!
The adder hisses angrily.
The hobgoblin barely misses you.
You hit the hobgoblin. You bite the hobgoblin.
You kill the hobgoblin!
The adder barely misses you.
You miss the adder. You punch the adder. Your bite misses the adder.
The adder is lightly wounded.
The adder bites you but does no damage.
You closely miss the adder. Your bite misses the adder.
The adder is lightly wounded.
The adder bites you.
You are poisoned.
The adder poisons you!
You barely miss the adder.
The adder is lightly wounded.
You feel sick. The adder bites you.
You are more poisoned.
The adder poisons you! The endoplasm freezes you.
You are frozen.
You hit the adder. You bite the adder, but do no damage.
The adder is lightly wounded.
You feel sick. The adder bites you.
You are more poisoned.
The adder poisons you! The endoplasm freezes you.
You are frozen.
* * * LOW HITPOINT WARNING * * *
You fade into invisibility!
* * * LOW HITPOINT WARNING * * *
You feel very sick. The adder barely misses you.
The endoplasm barely misses you. The adder misses you.
It was a potion of mutation.
You feel extremely strange.
You feel resistant to cold.
You feel your magical essence link to the dungeon's wands.
You die...

######### #.......#
#.#####.###############
....................?.#
.................#
..#############.@# ..#
#.SJ.....> .##
#.#...###. ## #......#
#.<...... ##J.....##
#...##.# #.## #.


You could see an adder (unable to see you) and an endoplasm.

Vanquished Creatures
  2 ball pythons (D:2)
  4 endoplasms (D:2)
  3 giant cockroaches
  2 goblins
  6 hobgoblins
  2 jackals (D:2)
  3 kobolds
  4 bats (D:1)
  2 frilled lizards
  A rat (D:1)
29 creatures vanquished.

Vanquished Creatures (others)
  3 fungi (D:2)
3 creatures vanquished.

Grand Total: 32 creatures vanquished

Notes
Turn   | Place    | Note
-------+----------+-------------------------------------------
     0 | D:1      | purpskrrrp the Vine Stalker Enchanter began the quest for
                  | the Orb.
     0 | D:1      | Reached XP level 1. HP: 9/9 MP: 4/4
   255 | D:1      | Reached XP level 2. HP: 12/13 MP: 4/6
   915 | D:2      | Reached skill level 1 in Short Blades
  1042 | D:2      | Found a faded altar of an unknown god.
  1055 | D:2      | Reached skill level 4 in Stealth
  1055 | D:2      | Reached XP level 3. HP: 17/17 MP: 5/7
  1263 | D:2      | Gained mutation: Your flesh is cold resistant. (rC+)
                  | [potion of mutation]
  1263 | D:2      | Gained mutation: You expend magic power (3 MP) to
                  | strengthen your wands. [potion of mutation]
  1263 | D:2      | Succumbed to an adder's poison

Illustrated notes

Levels and vault maps discovered:
D:1:      dpeg_arrival_more_subterranean_lakeside_camping, layout_basic
D:2:      layout_loops_ring, shapermc_ecumenical_altar_mp_highgroup,
          dreamdust_mushroom_princess

Skill      XL: |  1  2 |
---------------+-------+-----
Short Blades   | 1 |  1.2
Stealth        | 4 |  4.2
Fighting       | |  0.3
Dodging        | |  1.5
Spellcasting   | |  2.4
Hexes          | |  3.4

Action                   || total
-------------------------++-------
Melee: Dagger            ||    89
       Bite              ||    20
       Punch             ||     3
  Use: Scroll            ||     3
       Potion            ||     2
 Stab: Sleeping          ||     4
Armor: Robe              ||    21
Dodge: Dodged            ||    62

Table legend: (Time is in decaauts)
 A = Elapsed time spent in this place.
 B = Non-inter-level travel time spent in this place.
 C = Inter-level travel time spent in this place.
 D = Time resting spent in this place.
 E = Time spent auto-exploring this place.
 F = Levels seen in this place.
 G = Mean time per level.
                   A        B        C        D        E       F      G
               +--------+--------+--------+--------+--------+-----+--------+
         Total |   1259 |   1259 |      0 |      0 |    971 |   2 |  629.5 |
       Dungeon |   1259 |   1259 |      0 |      0 |    971 |   2 |  629.5 |
               +--------+--------+--------+--------+--------+-----+--------+

Top non-repeatable levels by time:
     D:1: 886 daAuts
     D:2: 372 daAuts
